 Dungeon Crawl Stone Soup version 0.27-a0-1334-g2746e35aca (webtiles) character file.

Game seed: 35352226982582911

22 Shayle the Sneak (level 2, -2/25 HPs)
             Began as a Naga Hedge Wizard on June 26, 2021.
             Slain by a worm (11 damage)
             ... on level 2 of the Dungeon.
             The game lasted 00:02:46 (1260 turns).

Shayle the Sneak (Naga Hedge Wizard)                Turns: 1260, Time: 00:02:47

Health: -2/25      AC:  1    Str: 12    XL:     2   Next: 91%
Magic:  5/6        EV: 10    Int: 14    God:
Gold:   61         SH:  0    Dex: 10    Spells: 6/7 levels left

rFire    . . .     SeeInvis +   a - +0 dagger
rCold    . . .     Faith    .   (no shield)
rNeg     . . .     Spirit   .   b - +0 robe
rPois    +         Reflect  .   c - +0 hat
rElec    .         Harm     .   (no cloak)
rCorr    .         Rampage  .   (no gloves)
Will     .....                  (no barding)
Stlth    ++........             (no amulet)
HPRegen  0.08/turn              (no ring)
MPRegen  0.10/turn              (no ring)

@: short of breath, very slightly contaminated, very slow
A: AC +0, large, see invisible, deformed body, poison resistance, slowness 2,
spit poison 1, naga tail 1
a: Spit Poison


You were on level 2 of the Dungeon.
You visited 1 branch of the dungeon, and saw 2 of its levels.

You collected 61 gold pieces.

Inventory:

Hand Weapons
 a - a +0 dagger (weapon)
Armour
 b - a +0 robe (worn)
 c - a +0 hat (worn)
Scrolls
 e - a scroll of identify {unknown}
Potions
 d - a potion of heal wounds {unknown}


   Skills:
 + Level 1.2 Fighting
 + Level 2.0 Dodging
 - Level 3.0 Stealth
 - Level 3.0 Spellcasting
 - Level 1.0 Conjurations
 - Level 1.0 Summonings
 - Level 1.0 Translocations
 + Level 1.3 Invocations


You had 6 spell levels left.
You knew the following spells:

 Your Spells              Type           Power      Damage    Failure   Level
a - Magic Dart            Conj           16%        1d3       14%         1

Your spell library contained the following spells:

 Spells                   Type           Power      Damage    Failure   Level
 Blink                    Tloc           N/A        N/A       22%         2
 Call Imp                 Summ           4%         N/A       22%         2
 Slow                     Hex            2%         N/A       32%         2
 Conjure Flame            Conj/Fire      3%         6-21      45%         3
 Mephitic Cloud           Conj/Pois/Air  3%         N/A       50%         3


Dungeon Overview and Level Annotations

Branches:
Dungeon (2/15)

Altars:

Shops:
D:1 (=?   D:2 ::[*


Innate Abilities, Weirdness & Mutations

Your serpentine skin is tough. (AC +0)
You have supernaturally acute eyesight. (SInv)
Armour fits poorly on your strangely shaped body.
Your system is resistant to poisons. (rPois)
You cover ground very slowly.
You can spit poison.
You have a snake-like lower body.


Message History

There is a stone staircase leading up here.
A worm comes into view.
Press: ? - help, Shift-Dir - straight line, f - worm
Aim: a worm (asleep)
The splash of poison hits the worm but does no damage.
You hit the worm but do no damage. You hit the worm.
The worm is lightly wounded.
The worm barely misses you.
You hit the worm.
The worm is lightly wounded.
You have got your breath back.
Press: ? - help, Shift-Dir - straight line, f/p - worm
Aim: a worm (lightly wounded)
The splash of poison hits the worm.
The worm is poisoned.
The worm is heavily wounded.
The worm bites you.
Unknown command.
You hit the worm.
The worm is heavily wounded.
The worm bites you!
You hit the worm.
The worm is heavily wounded.
The worm looks more healthy.
You have got your breath back.
Casting: Magic Dart (safe; 14% risk of failure)
Confirm with . or Enter, or press ? or * to list all spells.
Aiming: Magic Dart (safe; 14% risk of failure)
Press: ? - help, Shift-Dir - straight line, f/p - worm
Aim: a worm (moderately wounded, 100% to hit)
You miscast Magic Dart.
You are very lightly contaminated with residual magic.
Nothing appears to happen.
Unknown command.
Press: ? - help, Shift-Dir - straight line, f/p - worm
Aim: a worm (moderately wounded)
The splash of poison hits the worm.
The worm is poisoned.
The worm is heavily wounded.
The worm bites you!
You die...

........####
...........#
###.#.##
#<.....#
###.#### #.#
#.# #w# #@#
#......#
########


You could see a worm (poisoned).

Vanquished Creatures
  A dart slug (D:1)
  A ball python (D:1)
  3 endoplasms
  A giant cockroach (D:1)
  2 goblins (D:1)
  2 hobgoblins (D:1)
  3 kobolds
  A quokka (D:1)
  A bat (D:1)
  2 frilled lizards (D:1)
  A rat (D:1)
18 creatures vanquished.

Notes
Turn   | Place    | Note
-------+----------+-------------------------------------------
     0 | D:1      | Shayle the Naga Hedge Wizard began the quest for the Orb.
     0 | D:1      | Reached XP level 1. HP: 15/15 MP: 4/4
    41 | D:1      | Found Nos Bierch's Magic Scroll Emporium.
    60 | D:1      | Found Azetorev's Antique Weapon Boutique.
    67 | D:1      | Found Geos's Jewellery Shoppe.
    82 | D:1      | You fall into a shaft and drop 1 floor!
    82 | D:2      | Found Kilines's Book Emporium.
    83 | D:2      | Found Mathic's General Store.
   295 | D:2      | Found Aragozuw's Armour Shop.
   306 | D:2      | Found Miufruz's Book Boutique.
   357 | D:1      | Reached XP level 2. HP: 22/24 MP: 4/6
   672 | D:1      | Reached skill level 1 in Invocations
   675 | D:1      | Reached skill level 1 in Fighting
  1260 | D:2      | Slain by a worm

Illustrated notes

Levels and vault maps discovered:
D:1:      lemuel_arrival_muddy, layout_basic, serial_shops, shop,
          nicolae_diamond_shop, shop
D:2:      layout_basic, serial_shops, shop, nicolae_diamond_shop,
          nicolae_shop_crystal, shop, minmay_circle_x

Skill      XL: |  1  2 |
---------------+-------+-----
Invocations    | 1 |  1.3
Fighting       | 1 |  1.2
Dodging        | 2 |  2.0
Stealth        | |  3.0
Spellcasting   | |  3.0
Conjurations   | |  1.0
Summonings     | |  1.0
Translocations | |  1.0

Action                   || total
-------------------------++-------
Melee: Dagger            ||    15
 Cast: Magic Dart        ||     7
 Abil: Spit Poison       ||    21
Armor: Robe              ||     2
Dodge: Dodged            ||     4

Table legend: (Time is in decaauts)
 A = Elapsed time spent in this place.
 B = Non-inter-level travel time spent in this place.
 C = Inter-level travel time spent in this place.
 D = Time resting spent in this place.
 E = Time spent auto-exploring this place.
 F = Levels seen in this place.
 G = Mean time per level.
                   A        B        C        D        E       F      G
               +--------+--------+--------+--------+--------+-----+--------+
         Total |   1604 |   1582 |     22 |    181 |   1178 |   2 |  802.0 |
       Dungeon |   1604 |   1582 |     22 |    181 |   1178 |   2 |  802.0 |
               +--------+--------+--------+--------+--------+-----+--------+

Top non-repeatable levels by time:
     D:1: 1296 daAuts
     D:2: 308 daAuts
